 Dungeon Crawl Stone Soup version 0.26.0-91-g99b343417d (webtiles) character file.

Game seed: 17701945779384696059

28 Gadfly the Shield-Bearer (level 3, 0/29 HPs)
             Began as a Formicid Fighter on Feb 3, 2021.
             Killed by nerve-wracking pain
             ... invoked by Jessica
              (14 damage)
             ... on level 2 of the Dungeon.
             The game lasted 00:01:32 (918 turns).

Gadfly the Shield-Bearer (Formicid Fighter)          Turns: 918, Time: 00:01:33

Health: 0/29       AC:  6    Str: 21    XL:     3   Next: 27%
Magic:  3/3        EV:  8    Int:  7    God:
Gold:   36         SH:  9    Dex: 10    Spells: 2/2 levels left

rFire    . . .     SeeInvis +   a - +0 war axe
rCold    . . .     Faith    .   c - +0 kite shield
rNeg     . . .     Spirit   .   b - +0 scale mail
rPois    .         Reflect  .   (helmet unavailable)
rElec    .         Harm     .   (no cloak)
rCorr    .         Rampage  .   (no gloves)
Will     .....                  (no boots)
Stlth    ..........             (no amulet)
HPRegen  0.09/turn              (no ring)
MPRegen  0.08/turn              (no ring)

@: lethally poisoned (0 -> -5)
A: permanent stasis, dig shafts and tunnels, four strong arms, antennae 3
a: Dig, Shaft Self


You were on level 2 of the Dungeon.
You visited 1 branch of the dungeon, and saw 2 of its levels.

You collected 36 gold pieces.

Inventory:

Hand Weapons
 a - a +0 war axe (weapon)
Armour
 b - a +0 scale mail (worn)
 c - a +0 kite shield (worn)
Potions
 d - a potion of might
 e - a potion of heal wounds
 h - a potion of haste {unknown}


   Skills:
 + Level 3.3 Fighting
 * Level 2.1 Axes
 * Level 1.3 Crossbows
 + Level 3.4 Armour
 + Level 3.8 Shields
 * Level 1.2 Invocations
 * Level 0.9 Evocations


You had 2 spell levels left.
You didn't know any spells.
Your spell library was empty.

Dungeon Overview and Level Annotations

Branches:
Dungeon (2/15)

Altars:

Annotations:
D:2 Jessica


Innate Abilities, Weirdness & Mutations

You cannot be hasted, slowed, berserked, paralysed or teleported.
You can dig through walls and to a lower floor.
Your four strong arms can wield two-handed weapons with a shield.
You have a pair of large antennae on your head. (SInv)


Message History

Jessica mumbles something strange.
There are monsters nearby!
There are monsters nearby!
You barely miss the adder.
The adder is severely wounded.
You closely miss the hobgoblin. The adder misses you.
The hobgoblin hits you with a +0 club. The adder barely misses you.
Unknown command.
Jessica hits you but does no damage. Jessica hits you.
You closely miss the adder.
The adder is heavily wounded.
You closely miss Jessica. The adder closely misses you.
Jessica casts a spell at you. Pain shoots through your body!
The adder bites you.
You are poisoned.
The adder poisons you! Jessica casts a spell at you.
Pain shoots through your body!
You die...

###..>...... #..........
..# #.....?...
###..##...?....## .
##...............##..
##......#.............
#.......#...gr.....#..
.##...........@S........
...........##@###..#...
#..........#..# .#
#........#....# #
#........###..#
..##...#<..###..#
.................. ####.
<..........###....#
...... ..........##
#....####......
..........#
##....w........


You could see an adder, Jessica, a hobgoblin and a rat.

Vanquished Creatures
  3 dart slugs (D:1)
  2 leopard geckos (D:1)
  A giant cockroach (D:1)
  2 goblins (D:1)
  2 hobgoblins (D:1)
  2 ball pythons
  2 bats (D:1)
  A frilled lizard (D:1)
  3 kobolds (D:1)
  2 rats (D:1)
20 creatures vanquished.

Notes
Turn   | Place    | Note
-------+----------+-------------------------------------------
     0 | D:1      | Gadfly the Formicid Fighter began the quest for the Orb.
     0 | D:1      | Reached XP level 1. HP: 18/18 MP: 1/1
   128 | D:1      | Reached XP level 2. HP: 21/24 MP: 2/2
   568 | D:1      | Reached skill level 1 in Invocations
   573 | D:1      | Reached skill level 1 in Crossbows
   576 | D:1      | Reached XP level 3. HP: 25/29 MP: 3/3
   910 | D:2      | Noticed Jessica
   918 | D:2      | Killed from afar by Jessica

Illustrated notes

Levels and vault maps discovered:
D:1:      dpeg_arrival_yet_another_circle, layout_loops_cross
D:2:      layout_rooms, lemuel_round_altar, led_sif_pool,
          nicolae_overflow_hidden_temple, fedhas_altar_fruit_tree,
          chequers_decorated_corner, uniq_sigmund, uniq_robin, uniq_jessica

Skill      XL: |  1  2 |
---------------+-------+-----
Invocations    | 1 |  1.2
Crossbows      | 1 |  1.3
Fighting       | |  3.3
Axes           | |  2.1
Armour         | |  3.4
Shields        | |  3.8
Evocations     | |  0.9

Action                   || total
-------------------------++-------
Melee: War axe           ||    64
  Use: Scroll            ||     4
Armor: Scale mail        ||    23
Dodge: Dodged            ||    26
Block: Kite shield       ||    39
